 Dungeon Crawl Stone Soup version 0.28-a0-533-g9f97627e2a (webtiles) character file.

Game seed: 12071876304085482097

145 tatocazan the Skirmisher (level 5, -1/42 HPs)
             Began as a Demonspawn Fighter on Sept 25, 2021.
             Slain by an orc priest (6 damage)
             ... on level 3 of the Dungeon.
             The game lasted 00:03:29 (2246 turns).

tatocazan the Skirmisher (Demonspawn Fighter)       Turns: 2246, Time: 00:03:29

Health: -1/42      AC: 11    Str: 17    XL:     5   Next: 6%
Magic:  5/5        EV:  9    Int:  9    God:
Gold:   43         SH:  9    Dex: 13    Spells: 4/4 levels left

rFire   . . .      SeeInvis .   h - +3 whip (elec)
rCold   . . .      Faith    .   c - +0 buckler
rNeg    . . .      Spirit   .   b - +0 scale mail
rPois   .          Reflect  .   (no helmet)
rElec   .          Harm     .   k - +0 cloak
rCorr   .          Rampage  .   (no gloves)
Will    .....                   (no boots)
Stlth   ..........              (no amulet)
HPRegen 0.14/turn               (no ring)
MPRegen 0.09/turn               (no ring)

@: no status effects
A: thin metallic scales 2, spiny 1, condensation shield
a: no special abilities


You were on level 3 of the Dungeon.
You visited 1 branch of the dungeon, and saw 3 of its levels.

You collected 85 gold pieces.
You spent 42 gold pieces at shops.

Inventory:

Hand Weapons
 a - a +0 war axe
 h - a +3 whip of electrocution (weapon)
 i - a +2 vorpal hand axe
Missiles
 g - a throwing net (quivered)
Armour
 b - a +0 scale mail (worn)
 c - a +0 buckler (worn)
 k - a +0 cloak (worn)
Jewellery
 l - a ring of magical power
Scrolls
 f - a scroll of identify
 o - a scroll of teleportation
Potions
 d - a potion of might
 e - a potion of heal wounds
 n - a potion of cancellation {unknown}


   Skills:
 + Level 3.8 Fighting
 + Level 2.8 Axes
 + Level 3.4 Armour
 + Level 3.5 Shields


You had 4 spell levels left.
You didn't know any spells.
Your spell library contained the following spells:

 Spells                   Type           Power      Damage    Failure   Level
 Static Discharge         Conj/Air       0%         N/A       91%         2
 Dispel Undead            Necr           0%         3d6       100%        4
 Sticky Flame             Conj/Fire      0%         2d3       100%        4


Dungeon Overview and Level Annotations

Branches:
Dungeon (3/15)

Altars:

Shops:
D:1 (*   D:3 =:?


Innate Abilities, Weirdness & Mutations

You are mostly covered in thin metallic scales. (AC +3)
You are partially covered in sharp spines.
A meltable shield of frost defends you. (SH +4)


Message History

The orc priest mumbles some strange prayers to Beogh against you.
Pain shoots through your body!
An orc priest comes into view. It is wielding a +0 hand axe.
You take 5 damage, and have 32/37 hp.
You closely miss the orc priest.
The orc priest is heavily wounded.
The orc priest hits you with a +0 flail.
The orc priest mumbles some strange prayers to Beogh against you.
Beogh smites you!
You take 18 damage, and have 14/37 hp.
MASSIVE DAMAGE!!
You are too injured to fight recklessly!
You are too injured to fight recklessly!
You are too injured to fight recklessly!
You are too injured to fight recklessly!
You whack the orc priest!
You kill the orc priest!
You have reached level 5!
Your demonic ancestry asserts itself...
Sharp spines emerge from parts of your body.
You regained 2 hp, and now have 16/42 hp.
MP restored: 5 You completely miss the orc priest.
An orc comes into view. It is wielding a +0 flail.
The orc priest is struck by your spines.
The orc priest hits you with a +0 hand axe.
* * * LOW HITPOINT WARNING * * *
You take 5 damage, and have 11/42 hp.
You completely miss the orc priest.
The orc priest is lightly wounded.
You block the orc priest's attack.
You barely miss the orc priest.
The orc priest is lightly wounded.
The orc priest is struck by your spines.
The orc priest hits you with a +0 hand axe.
* * * LOW HITPOINT WARNING * * *
You take 6 damage, and have 5/42 hp.
You closely miss the orc priest.
The orc priest is moderately wounded.
The orc priest hits you with a +0 hand axe.
You die...

## ##### # .##.#.#.#
....... ....
##############.###.###
#....................#
#.############.#######
#.# #@# #.# #o# #.#
.o# #.# #### #.# #.#
#.# #.# #.#


You could see an orc priest and an orc.

Vanquished Creatures
  An orc priest (D:3)
  An adder (D:2)
  3 gnolls (D:2)
  2 worms (D:2)
  5 dart slugs
  An orc (D:3)
  7 bats
  5 endoplasms
  A giant cockroach (D:2)
  5 goblins
  8 hobgoblins
  2 quokkas
  9 ball pythons
  3 frilled lizards (D:1)
  9 kobolds
  2 rats
64 creatures vanquished.

Notes
Turn   | Place    | Note
-------+----------+-------------------------------------------
     0 | D:1      | tatocazan the Demonspawn Fighter began the quest for the
                  | Orb.
     0 | D:1      | Reached XP level 1. HP: 18/18 MP: 1/1
    41 | D:1      | Found Guarch's Antique Weapon Emporium.
   190 | D:1      | Gained mutation: You are partially covered in thin metallic
                  | scales. (AC +2) [demonic ancestry]
   190 | D:1      | Reached XP level 2. HP: 17/24 MP: 2/2
   245 | D:1      | Found a faded altar of an unknown god.
   479 | D:1      | Gained mutation: A meltable shield of frost defends you.
                  | (SH +4) [demonic ancestry]
   479 | D:1      | Reached XP level 3. HP: 29/29 MP: 3/3
   497 | D:1      | Found Lulonoj's Assorted Antiques.
  1363 | D:2      | Gained mutation: You are mostly covered in thin metallic
                  | scales. (AC +3) [demonic ancestry]
  1363 | D:2      | Reached XP level 4. HP: 35/35 MP: 4/4
  1879 | D:3      | Found Bagymi's Magic Scroll Boutique.
  1883 | D:3      | Bought a scroll of teleportation for 42 gold pieces
  2163 | D:3      | Found Ukhlaar's Jewellery Emporium.
  2194 | D:3      | Found Jeott's Book Emporium.
  2243 | D:3      | Gained mutation: You are partially covered in sharp spines.
                  | [demonic ancestry]
  2243 | D:3      | Reached XP level 5. HP: 16/42 MP: 5/5
  2246 | D:3      | Slain by an orc priest

Illustrated notes

Levels and vault maps discovered:
D:1:      sevenhm_arrival_forest_fort_large_2, layout_rooms,
          hellmonk_ecumenical_altar_blasted, serial_shops, nicolae_square_shop,
          nicolae_shop_statue_plus
D:2:      layout_basic
D:3:      layout_basic, serial_shops, shop, nicolae_shop_statue_plus,
          nicolae_shop_competitors_out_of_business, shop

Skill      XL: |  1  2 |
---------------+-------+-----
Axes           | 2 |  2.8
Shields        | 3 |  3.5
Armour         | 3 |  3.4
Fighting       | |  3.8

Action                   |  1- 3 |  4- 6 || total
-------------------------+-------+-------++-------
Melee: War axe           |    40 |       ||    40
       Whip              |    72 |    49 ||   121
  Use: Scroll            |       |     4 ||     4
Armor: Scale mail        |    50 |    18 ||    68
Dodge: Dodged            |    40 |    11 ||    51
Block: Buckler           |    32 |    14 ||    46

Table legend: (Time is in decaauts)
 A = Elapsed time spent in this place.
 B = Non-inter-level travel time spent in this place.
 C = Inter-level travel time spent in this place.
 D = Time resting spent in this place.
 E = Time spent auto-exploring this place.
 F = Levels seen in this place.
 G = Mean time per level.
                   A        B        C        D        E       F      G
               +--------+--------+--------+--------+--------+-----+--------+
         Total |   2268 |   2082 |    186 |     42 |   1654 |   3 |  756.0 |
       Dungeon |   2268 |   2082 |    186 |     42 |   1654 |   3 |  756.0 |
               +--------+--------+--------+--------+--------+-----+--------+

Top non-repeatable levels by time:
     D:2: 969 daAuts
     D:1: 915 daAuts
     D:3: 383 daAuts
